 Dungeon Sprint DCSS version 0.29-a0-275-g389c0b56f3 (webtiles) character file.

Game seed: 1523201122805353614

739 sammy202020 the Basher (level 7, -11/105 HPs)
             Began as a Palentonga Berserker on Mar 10, 2022.
             Was an Elder of Trog.
             Mangled by a two-headed ogre
             ... wielding a +0 great mace
              (17 damage)
             ... in the Dungeon (Sprint IX: "|||||||||||||||||||||||||||||").
             The game lasted 00:00:32 (187 turns).

sammy202020 the Basher (Palentonga Berserker)        Turns: 187, Time: 00:00:33

Health: -11/105    AC: 11    Str: 20    XL:     7   Next: 46%
Magic:  7/7        EV: 11    Int: 10    God:    Trog [****..]
Gold:   0          SH:  0    Dex:  9    Spells: 6/6 levels left

rFire   . . .      SeeInvis +   a - +0 mace
rCold   . . .      Faith    .   (no shield)
rNeg    . . .      Spirit   .   b - +0 animal skin
rPois   .          Reflect  .   (no helmet)
rElec   .          Harm     .   (no cloak)
rCorr   .          Rampage  .   (no gloves)
Will    ++...      NoTele   +   (no barding)
Stlth   ..........              (no amulet)
HPRegen 1.27/turn               (no ring)
MPRegen 0.10/turn               (no ring)

@: berserking, strong-willed, regenerating, curled up, very quick
A: large, rugged brown scales 3, see invisible, deformed body, roll 1, armoured
tail, reflexive curl
a: Rolling Charge, Renounce Religion, Berserk, Trog's Hand, Brothers in Arms


You were in the Dungeon.
You worshipped Trog.
Trog was greatly pleased with you.
You visited 1 branch

Inventory:

Hand Weapons
 a - a +0 mace (weapon)
Armour
 b - a +0 animal skin (worn)
Jewellery
 k - a +3 ring of strength
 l - a +3 ring of dexterity
Wands
 j - a wand of iceblast (10)
Scrolls
 h - 2 scrolls of blinking
Potions
 c - 5 potions of curing
 d - 3 potions of heal wounds
 e - a potion of haste
 f - 4 potions of magic
 g - a potion of berserk rage
 i - a potion of invisibility


   Skills:
 + Level 10.0 Fighting
 + Level 11.1 Maces & Flails
 + Level 4.3 Armour
 + Level 5.7 Dodging


You had 6 spell levels left.
You didn't know any spells.
Your spell library was empty.

Dungeon Overview and Level Annotations

Branches:
Dungeon (1/1)

Altars:
Cheibriados
Dithmenos
Elyvilon
Fedhas
Gozag
Hepliaklqana
Kikubaaqudgha
Makhleb
Nemelex Xobeh
Okawaru
Qazlal
Ru
Sif Muna
Trog
Uskayaw
Vehumet
Wu Jian
Xom
Yredelemnul
Zin
The Shining One
Beogh
Jiyva
Lugonu


Innate Abilities, Weirdness & Mutations

You are completely covered in rugged brown scales. (AC +3, +7% HP)
You have supernaturally acute eyesight. (SInv)
Armour fits poorly on your strangely shaped body.
You can roll at nearby foes to attack.
You have a long armoured tail.
You curl defensively after being hit. (AC +7*)


Message History

You feel strong-willed.
The centaur shoots an arrow.
The arrow hits you!
* * * LOW HITPOINT WARNING * * *
A red film seems to cover your vision as you go berserk!
You feel yourself moving faster!
You feel mighty!
The centaur unwields a +0 shortbow.
The centaur hits you.
* * * LOW HITPOINT WARNING * * *
The centaur barely misses you.
You sock the centaur!
The centaur is severely wounded.
The centaur hits you.
* * * LOW HITPOINT WARNING * * *
The centaur kicks you but does no damage.
You sock the centaur!
You kill the centaur!
Trog accepts your kill.
You can now call in reinforcements.
You sock the yak!
The yak is heavily wounded.
The yak closely misses you.
You hit the yak. You tail-slap the yak.
The yak is severely wounded.
You bludgeon the yak!!
You kill the yak!
Trog accepts your kill.
Your Fighting skill increases to level 10!
Your Maces & Flails skill increases to level 11!
You completely miss the two-headed ogre.
The two-headed ogre hits you with a +0 great mace.
* * * LOW HITPOINT WARNING * * *
The two-headed ogre barely misses you.
You sock the two-headed ogre! You tail-slap the two-headed ogre!
The two-headed ogre is heavily wounded.
You barely miss the two-headed ogre.
The two-headed ogre is heavily wounded.
You hit the two-headed ogre.
The two-headed ogre is severely wounded.
The two-headed ogre hits you with a +0 great mace!
* * * LOW HITPOINT WARNING * * *
The two-headed ogre hits you with a +0 giant club!
You die... ▓▓▓▓▓▓▓▓▓▓▓▓▓▓▓▓▓▓▓▓▓▓▓▓ _______'.?).[[[.@OYY.... ▓▓▓▓▓▓▓▓▓▓▓▓▓▓▓▓▓▓▓▓▓▓▓▓

You could see a two-headed ogre and 2 yaks.

Vanquished Creatures
  A shadow (D)
  A yak (D)
  A black bear (D)
  An ice beast (D)
  2 ogres (D)
  A centaur (D)
  A dart slug (D)
  2 bats (D)
  A goblin (D)
  2 kobolds (D)
13 creatures vanquished.

Notes
Turn   | Place    | Note
-------+----------+-------------------------------------------
     0 | D        | sammy202020 the Palentonga Berserker began the quest for
                  | the Orb.
     0 | D        | Reached XP level 1. HP: 19/19 MP: 1/1
    12 | D        | Reached ** piety under Trog
   106 | D        | Noticed an ice beast
   106 | D        | Noticed a black bear
   106 | D        | Noticed an ogre
   106 | D        | Noticed an ogre
   112 | D        | Killed an ice beast
   113 | D        | Reached skill level 6 in Maces & Flails
   113 | D        | Reached XP level 2. HP: 18/29 MP: 2/2
   113 | D        | Reached XP level 3. HP: 22/36 MP: 3/3
   113 | D        | Reached XP level 4. HP: 26/42 MP: 4/4
   115 | D        | Killed a black bear
   116 | D        | Reached skill level 7 in Maces & Flails
   116 | D        | Reached XP level 5. HP: 22/51 MP: 5/5
   120 | D        | Killed an ogre
   120 | D        | Reached *** piety under Trog
   121 | D        | Reached skill level 8 in Maces & Flails
   121 | D        | Reached XP level 6. HP: 25/59 MP: 6/6
   124 | D        | Reached skill level 9 in Maces & Flails
   129 | D        | Found a snail-covered altar of Cheibriados.
   129 | D        | Found a shadowy altar of Dithmenos.
   129 | D        | Found a white marble altar of Elyvilon.
   129 | D        | Found a blossoming altar of Fedhas.
   129 | D        | Found an opulent altar of Gozag.
   130 | D        | Found a hazy altar of Hepliaklqana.
   131 | D        | Found a viscous altar of Jiyva.
   132 | D        | Found an ancient bone altar of Kikubaaqudgha.
   133 | D        | Found a corrupted altar of Lugonu.
   134 | D        | Found a burning altar of Makhleb.
   135 | D        | Found a sparkling altar of Nemelex Xobeh.
   136 | D        | Found an iron altar of Okawaru.
   137 | D        | Found a stormy altar of Qazlal.
   138 | D        | Found a sacrificial altar of Ru.
   139 | D        | Found a shimmering blue altar of Sif Muna.
   140 | D        | Found a bloodstained altar of Trog.
   141 | D        | Found a hide-covered altar of Uskayaw.
   142 | D        | Found a radiant altar of Vehumet.
   143 | D        | Found an ornate altar of the Wu Jian Council.
   144 | D        | Found a shimmering altar of Xom.
   145 | D        | Found a basalt altar of Yredelemnul.
   146 | D        | Found a glowing silver altar of Zin.
   147 | D        | Found a glowing golden altar of the Shining One.
   171 | D        | Noticed a shadow
   171 | D        | Noticed a yak
   171 | D        | Noticed a two-headed ogre
   171 | D        | Noticed a yak
   171 | D        | Noticed a yak
   176 | D        | Killed a shadow
   177 | D        | Reached skill level 10 in Maces & Flails
   177 | D        | Reached skill level 5 in Dodging
   177 | D        | Gained mutation: You curl defensively after being hit. (AC
                  | +7*) [Palentonga growth]
   177 | D        | Reached XP level 7. HP: 26/68 MP: 7/7
   180 | D        | Reached **** piety under Trog
   183 | D        | Killed a yak
   184 | D        | Reached skill level 10 in Fighting
   184 | D        | Reached skill level 11 in Maces & Flails
   187 | D        | Mangled by a two-headed ogre

Illustrated notes

Levels and vault maps discovered:
D:        linesprint [early_d, line_temple, items_1, d_10, items_2, lair_1,
          lair_end, items_3, orc_1, orc_end, items_4, d_15, swamp_1, shoals_1,
          snake_1, spider_1, d_20, vaults_1, items_5, swamp_end, shoals_end,
          snake_end, spider_end, vaults_end, d_27, items_6, zot_1, zot_end,
          crypt_end, forest_end, elf_end, slime_end, tomb_end, abyss_end,
          pan_hell_end]

Skill      XL: |  1  2  3  4  5  6  7 |
---------------+----------------------+-----
Fighting       | 6 7 8 9 10 | 10.0
Maces & Flails | 6 7 8 10 11 | 11.1
Armour         | 2 3 4 |  4.3
Dodging        | 3 4 5 |  5.7

Action                   |  1- 3 |  4- 6 |  7- 9 || total
-------------------------+-------+-------+-------++-------
Melee: Mace              |    21 |    15 |     9 ||    45
       Tailslap          |     1 |     4 |     2 ||     7
Invok: Berserk           |     1 |       |     1 ||     2
       Trog's Hand       |     1 |       |     1 ||     2
Armor: Animal skin       |    14 |     1 |     1 ||    16
Dodge: Dodged            |    15 |     7 |     3 ||    25

Table legend: (Time is in decaauts)
 A = Elapsed time spent in this place.
 B = Non-inter-level travel time spent in this place.
 C = Inter-level travel time spent in this place.
 D = Time resting spent in this place.
 E = Time spent auto-exploring this place.
 F = Levels seen in this place.
 G = Mean time per level.
                   A        B        C        D        E       F      G
               +--------+--------+--------+--------+--------+-----+--------+
         Total |    191 |    191 |      0 |      0 |     86 |   1 |  191.0 |
       Dungeon |    191 |    191 |      0 |      0 |     86 |   1 |  191.0 |
               +--------+--------+--------+--------+--------+-----+--------+

Top non-repeatable levels by time:
       D: 191 daAuts
